 Dungeon Crawl Stone Soup version 0.16.1-17-g773cdaf (webtiles) character file.

25 Yun the Stinger (level 2, -1/20 HPs)
             Began as a Draconian Venom Mage on Apr 23, 2015.
             Slain by a jackal (2 damage)
             ... on level 2 of the Dungeon.
             The game lasted 00:11:53 (914 turns).

Yun the Stinger (Draconian Venom Mage)               Turns: 914, Time: 00:11:53

Health: -1/20      AC:  4    Str: 10    XL:     2   Next: 82%
Magic:  1/4        EV: 12    Int: 15    God:
Gold:   108        SH:  0    Dex: 11    Spells: 1 memorised, 4 levels left

rFire  . . .     SeeInvis .     h - +0 dagger
rCold  . . .     Clarity  .     (armour unavailable)
rNeg   . . .     SustAb   .     (no shield)
rPois  .         Gourm    .     (helmet restricted)
rElec  .         Spirit   .     (no cloak)
rCorr  .         Warding  .     (no gloves)
rMut   .         Stasis   .     (no boots)
MR     .....                    (no amulet)
Stlth  ++........               (no ring)
                                m - ring of teleport control

@: lethally poisoned (-1 -> -20), very slightly contaminated, hasted, very
quick, not resistant to hostile enchantments, unstealthy
A: unfitting armour, cold-blooded, AC +4
a: Evoke Teleport Control


You were on level 2 of the Dungeon.
You were not hungry.

You visited 1 branch of the dungeon, and saw 2 of its levels.

You collected 108 gold pieces.

Inventory:

Hand weapons
 h - a +0 dagger (weapon)
 i - a +2 vampiric hand axe
 n - a +0 short sword
Jewellery
 m - a ring of teleport control (left hand)
 r - an uncursed ring of invisibility {unknown}
Scrolls
 a - 3 scrolls of teleportation {unknown}
 g - 3 scrolls of identify {unknown}
 l - 4 scrolls of noise {unknown}
 o - a scroll of remove curse {unknown}
Potions
 e - a potion of cure mutation {unknown}
 j - a potion of degeneration {unknown}
 k - a potion of agility {unknown}
 p - a potion of poison
Books
 b - a Young Poisoner's Handbook

   Spells                             Type                      Level
   a - Sting                          Conjuration/Poison           1
   b - Cure Poison                    Poison                       2
   c - Mephitic Cloud                 Conjuration/Poison/Air       3
   d - Olgreb's Toxic Radiance        Poison                       4
   e - Venom Bolt                     Conjuration/Poison           5
Comestibles
 c - a bread ration
 d - a slice of pizza
 f - 4 fruits


   Skills:
 + Level 2.4 Dodging
 + Level 1.7 Stealth
 + Level 2.0 Spellcasting
 + Level 0.2 Conjurations
 + Level 4.4 Poison Magic


You had 4 spell levels left.
You knew the following spells:

 Your Spells              Type           Power        Failure   Level  Hunger
a - Sting                 Conj/Pois      #...         12%         1    #......


Dungeon Overview and Level Annotations

Branches:
Dungeon (2/15)

Altars:


Innate Abilities, Weirdness & Mutations

Your plain brown scales are hard (AC +4).
Your body does not fit into most forms of armour.
Your cold-blooded metabolism reacts poorly to cold.


Message History

The jackal is heavily wounded.
You kill the jackal!
The jackal barely misses you. The jackal bites you.
You miss the jackal.
The jackal is heavily wounded.
The jackal bites you but does no damage.
The jackal bites you.
* * * LOW HITPOINT WARNING * * *
The jackal bites you.
* * * LOW HITPOINT WARNING * * *
It was a potion of haste.
You feel yourself speed up.
The jackal bites you but does no damage. x2
The jackal barely misses you.
You are very lightly contaminated with residual magic.
It was a potion of poison.
That liquid tasted very nasty...
You are lethally poisoned!
* * * LOW HITPOINT WARNING * * *
You feel sick. The jackal bites you.
You die...

###.# #........ # #.#
#........
###.############.........
...............'>........
....##.#########.........
######.# ######.........
######.# #......###.#...
.....#.# #.####.....# #
####.#.# #@....# #
#.#.##.....[†hh...#
####...# ............#
..###..# (...........#
.......# ...........##
.......# ..........#
.......# .........#
.......# ........#
.......# #..


You could see 2 jackals.

Vanquished Creatures
  A giant mite (D:1)
  3 goblins
  A hobgoblin (D:1)
  2 kobolds
  4 bats (D:1)
  3 giant newts
  A jackal (D:2)
  4 rats (D:1)
19 creatures vanquished.

Notes
Turn   | Place    | Note
--------------------------------------------------------------
     0 | D:1      | Yun, the Draconian Venom Mage, began the quest for the Orb.
     0 | D:1      | Reached XP level 1. HP: 14/14 MP: 3/3
   224 | D:1      | Reached XP level 2. HP: 15/20 MP: 0/4
   914 | D:2      | HP: 1/20 [poison (a potion of poison)]
   914 | D:2      | Slain by a jackal

Action                   || total
-------------------------++-------
Melee: Unarmed           ||    18
       Dagger            ||    32
 Cast: Sting             ||    23
  Use: Potion            ||     2
